 Dungeon Crawl Stone Soup version 0.28-a0-674-gdaf460b524 (webtiles) character file.

Game seed: 5119018666768341811

33335 timneilson the Protected (level 13, -5/80 HPs)
             Began as a Gargoyle Fighter on Oct 17, 2021.
             Was a High Priest of Okawaru.
             Slain by a bog body (29 damage)
             ... on level 4 of the Lair of Beasts.
             The game lasted 00:36:04 (19415 turns).

timneilson the Protected (Gargoyle Fighter)        Turns: 19415, Time: 00:36:05

Health: -5/80      AC: 35    Str: 26    XL:     13   Next: 70%
Magic:  18/18      EV: 13    Int:  8    God:    Okawaru [*****.]
Gold:   1050       SH: 16    Dex:  9    Spells: 12/12 levels left

rFire   . . .      SeeInvis .   y - +2 scimitar (venom)
rCold   . . .      Faith    .   I - +0 kite shield
rNeg    + . .      Spirit   .   h - +0 plate armour
rPois   ∞          Reflect  +   l - +2 helmet
rElec   +          Harm     .   p - +0 cloak
rCorr   .          Rampage  .   s - +0 pair of gloves
Will    +....                   F - +2 pair of boots {Fly}
Stlth   ..........              C - amulet of reflection
HPRegen 0.23/turn               n - +4 ring of evasion
MPRegen 0.16/turn               u - ring of willpower

@: flying
A: sickness immunity, AC +9, negative energy resistance 1, electricity
resistance, torment resistance 1, petrification resistance
a: Renounce Religion, Heroism, Finesse, Duel


You were on level 4 of the Lair of Beasts.
You worshipped Okawaru.
Okawaru was extremely pleased with you.
You visited 3 branches of the dungeon, and saw 17 of its levels.

You collected 1050 gold pieces.

Inventory:

Hand Weapons
 y - a +2 scimitar of venom (weapon)
Armour
 h - a +0 plate armour (worn)
 l - a +2 helmet (worn)
 p - a +0 cloak (worn)
 s - a +0 pair of gloves (worn)
 F - a +2 pair of boots of flying (worn)
 I - a +0 kite shield (worn)
Jewellery
 n - a +4 ring of evasion (left hand)
 q - a ring of ice
 u - a ring of willpower (right hand)
 C - an amulet of reflection (around neck)
Wands
 i - a wand of flame (40)
 t - a wand of mindburst (8)
 v - a wand of acid (26)
 D - a wand of paralysis (8)
 E - a wand of polymorph (6)
 H - a wand of iceblast (9)
Scrolls
 g - 4 scrolls of blinking
 m - 10 scrolls of teleportation
 o - 3 scrolls of fog
 r - a scroll of magic mapping
 w - 3 scrolls of fear
 x - 2 scrolls of enchant armour
 G - 3 scrolls of silence
Potions
 a - 3 potions of brilliance
 b - 2 potions of cancellation
 d - 4 potions of might
 e - a potion of invisibility {unknown}
 f - a potion of lignification
 j - a potion of haste
 k - 2 potions of flight
 z - 3 potions of attraction
 A - 2 potions of mutation
 B - 3 potions of curing


   Skills:
 + Level 9.0 Fighting
 * Level 10.1 Long Blades
 * Level 12.2 Armour
 + Level 6.2 Dodging
 * Level 12.1 Shields
 + Level 7.8 Invocations
 + Level 5.3 Evocations


You had 12 spell levels left.
You didn't know any spells.
Your spell library contained the following spells:

 Spells                   Type           Power      Damage    Failure   Level
 Apportation              Tloc           0%         N/A       99%         1
 Pain                     Necr           0%         1d4       99%         1
 Slow                     Hex            0%         N/A       100%        2
 Confusing Touch          Hex            0%         N/A       100%        3
 Dazzling Flash           Conj/Hex       0%         N/A       100%        3
 Gell's Gravitas          Tloc           0%         N/A       100%        3
 Lesser Beckoning         Tloc           0%         N/A       100%        3
 Teleport Other           Tloc           0%         N/A       100%        3
 Vampiric Draining        Necr           0%         2d6       100%        3
 Airstrike                Air            0%         N/A       100%        4
 Iskenderun's Mystic Bla  Conj/Tloc      0%         2d3       100%        4
 Alistair's Intoxication  Tmut/Pois      0%         N/A       100%        5
 Lightning Bolt           Conj/Air       0%         1d11      100%        5
 Invisibility             Hex            0%         N/A       100%        6
 Starburst                Conj/Fire      0%         6d3       100%        6
 Animate Skeleton         Necr           Unusable   N/A       N/A         1
 Summon Lightning Spire   Summ/Air       Unusable   N/A       N/A         4

Dungeon Overview and Level Annotations

Branches:
Dungeon (12/15)            Temple (1/1) D:5            Lair (4/6) D:11
  Swamp (0/4) Lair:4       Spider (0/4) Lair:4          Orc (0/2) D:10

Altars:
Ashenzari
Cheibriados
Dithmenos
Elyvilon
Fedhas
Gozag
Hepliaklqana
Kikubaaqudgha
Makhleb
Nemelex Xobeh
Okawaru
Qazlal
Ru
Sif Muna
Trog
Uskayaw
Vehumet
Wu Jian
Xom
Yredelemnul
Zin
The Shining One


Innate Abilities, Weirdness & Mutations

You are immune to sickness and miasma.
Your stone body is resilient. (AC +9)
You are immune to poison.
You resist negative energy. (rN+)
You are resistant to electric shocks. (rElec)
You are resistant to unholy torment.
You are immune to petrification.


Message History

Ouch! That really hurt!
You block the bullfrog's attack.
You hear a loud, deep croak!
You barely miss the bullfrog. The bullfrog barely misses you.
You block the bullfrog's attack.
You hit the bullfrog.
The bullfrog is poisoned.
The bullfrog is lightly wounded.
The bullfrog hits you but does no damage.
The bog body casts a spell at you. You resist with almost no effort.
You hit the bullfrog.
The bullfrog is lightly wounded.
The bullfrog misses you.
A cane toad comes into view.
You closely miss the bullfrog.
The bullfrog is moderately wounded.
The bullfrog hits you but does no damage.
The bullfrog misses you.
You barely miss the bullfrog.
The bullfrog is moderately wounded.
You block the bullfrog's attack. The bog body barely misses you.
You barely miss the bog body. The bullfrog hits you.
You block the bog body's attack.
You closely miss the bog body. You block the bullfrog's attack.
The bog body points at you and mumbles some strange words.
You resist with almost no effort.
A rime drake comes into view.
The rime drake hisses angrily.
You slash the bog body!
The bog body is moderately damaged.
You block the bullfrog's attack. The cane toad barely misses you.
The bog body touches you but does no damage.
The bullfrog closely misses you.
You slash the bog body!
The bog body is heavily damaged.
You block the cane toad's attack. You block the bullfrog's attack.
The bog body touches you!
* * * LOW HITPOINT WARNING * * *
The bog body freezes you!!
You die...

....###.###.#
...##(....#.#######..§
....................≈ §
...(...............≈♣ §♣
...................≈♣§§§
.........).........≈≈§ §
....................♣≈≈.
..>.....(.......Fn......
##.#.#....).P.##@F...#
####...††......######
##..........P#
#..)....(..##
#......P(...#
#..........##
##........(.#
#..).......##
#..........#


You could see a bog body, a cane toad and a bullfrog (poisoned).

Vanquished Creatures
  A boulder beetle (D:12)
  3 hydras
  A two-headed ogre (D:10)
  Urug (Lair:1)
  Sonja (Lair:4)
  A deep elf pyromancer (D:12)
  A necromancer (Lair:3)
  A wolf spider (Lair:4)
  A manticore (D:12)
  11 cane toads
  4 black mambas
  2 unseen horrors (D:10)
  Psyche (D:9)
  7 komodo dragons
  3 rime drakes
  3 kobold demonologists (D:12)
  2 jumping spiders (Lair:4)
  6 trolls
  Grinder (D:4)
  A hornet (D:8)
  A polar bear (Lair:4)
  12 blink frogs
  4 dream sheep (Lair:4)
  A meliai zombie (D:11)
  A redback (Lair:4)
  32 yaks
  Grum (D:10)
  A basilisk (Lair:2)
  3 wyverns
  An acid dragon (D:11)
  Edmund (D:6)
  12 water moccasins
  2 sky beasts
  8 orc warriors
  3 black bears
  2 ogres (D:6)
  3 elephant zombies (Lair:3)
  3 centaurs
  6 wolves
  2 phantoms
  Blork the orc (D:4)
  16 bullfrogs
  2 kobold brigands (D:12)
  A scorpion (D:5)
  10 killer bees (D:7)
  3 wights (D:7)
  An electric eel (Lair:3)
  6 howler monkeys
  5 centaur zombies
  A bullfrog zombie (D:5)
  A centaur skeleton (D:5)
  4 hounds
  A basilisk zombie (Lair:3)
  4 orc priests
  2 bullfrog skeletons (D:5)
  An iguana (D:5)
  13 orc wizards
  A hell rat (Lair:1)
  A killer bee zombie (D:5)
  A hound skeleton (D:4)
  4 howler monkey zombies
  9 gnolls (D:4)
  8 adders
  A howler monkey skeleton (D:4)
  A shadow imp (D:6)
  4 white imps
  A worm (D:3)
  4 dart slugs
  31 orcs
  2 ball pythons
  5 endoplasms
  A giant cockroach (D:2)
  39 goblins
  22 hobgoblins
  4 jackals (D:1)
  6 quokkas
  6 bats
  12 kobolds
  7 rats
  A spectral goblin (D:2)
394 creatures vanquished.

Vanquished Creatures (others)
  An orc (D:9)
  21 fungi
  28 plants
50 creatures vanquished.

Grand Total: 444 creatures vanquished

Notes
Turn   | Place    | Note
-------+----------+-------------------------------------------
     0 | D:1      | timneilson the Gargoyle Fighter began the quest for the
                  | Orb.
     0 | D:1      | Reached XP level 1. HP: 14/14 MP: 1/1
   251 | D:1      | Reached XP level 2. HP: 18/19 MP: 2/2
   752 | D:2      | Found an ornate altar of the Wu Jian Council.
   776 | D:2      | Reached XP level 3. HP: 18/23 MP: 3/3
  1124 | D:2      | Found a faded altar of an unknown god.
  1175 | D:2      | Reached XP level 4. HP: 28/28 MP: 4/4
  2126 | D:3      | Reached skill level 1 in Dodging
  2356 | D:3      | Found a burning altar of Makhleb.
  2413 | D:3      | Reached XP level 5. HP: 33/33 MP: 5/5
  2832 | D:4      | Noticed Blork the orc
  2845 | D:4      | Killed Blork the orc
  2894 | D:4      | Noticed a sky beast
  2911 | D:4      | Reached XP level 6. HP: 27/38 MP: 6/6
  2918 | D:4      | Killed a sky beast
  2996 | D:4      | Reached skill level 5 in Armour
  3601 | D:4      | Found a shimmering blue altar of Sif Muna.
  3601 | D:4      | Found a blossoming altar of Fedhas.
  3603 | D:4      | Found a basalt altar of Yredelemnul.
  3603 | D:4      | Found an iron altar of Okawaru.
  3606 | D:4      | Found an ornate altar of the Wu Jian Council.
  3611 | D:4      | Became a worshipper of Warmaster Okawaru
  3640 | D:4      | Noticed Grinder
  3646 | D:4      | Paralysed by Grinder for 5 turns
  3666 | D:4      | Killed Grinder
  3666 | D:4      | Reached * piety under Okawaru
  3667 | D:4      | Reached skill level 5 in Shields
  3667 | D:4      | Reached skill level 1 in Invocations
  3667 | D:4      | Reached XP level 7. HP: 43/44 MP: 7/7
  5374 | D:5      | Entered Level 5 of the Dungeon
  5450 | D:5      | Reached XP level 8. HP: 48/48 MP: 9/9
  5912 | D:5      | Reached skill level 5 in Fighting
  6007 | D:5      | Reached ** piety under Okawaru
  6186 | D:5      | Found a staircase to the Ecumenical Temple.
  6191 | Temple   | Entered the Ecumenical Temple
  6640 | D:6      | Noticed Edmund
  6663 | D:6      | Killed Edmund
  6664 | D:6      | Reached skill level 5 in Long Blades
  7070 | D:6      | Reached XP level 9. HP: 44/54 MP: 11/11
  8085 | D:7      | Reached *** piety under Okawaru
  9237 | D:8      | Noticed a hornet
  9262 | D:8      | Killed a hornet
  9776 | D:9      | Noticed Psyche
  9912 | D:9      | Reached XP level 10. HP: 46/60 MP: 13/13
 10155 | D:9      | Killed Psyche
 10159 | D:9      | Reached skill level 1 in Evocations
 10747 | D:10     | Entered Level 10 of the Dungeon
 10762 | D:10     | Reached **** piety under Okawaru
 10893 | D:10     | Found a bloodstained altar of Trog.
 11129 | D:10     | Noticed Grum
 11159 | D:10     | Killed Grum
 11603 | D:10     | Reached ***** piety under Okawaru
 11636 | D:10     | Reached skill level 5 in Invocations
 11743 | D:10     | Reached XP level 11. HP: 32/66 MP: 11/14
 11754 | D:10     | Received a gift from Okawaru
 12189 | D:10     | Found a staircase to the Orcish Mines.
 12224 | D:10     | Noticed a two-headed ogre
 12236 | D:10     | Killed a two-headed ogre
 13334 | D:11     | Found a staircase to the Lair.
 13348 | D:11     | Received a gift from Okawaru
 13527 | D:12     | Noticed a boulder beetle
 13554 | D:12     | Killed a boulder beetle
 13649 | D:12     | Reached skill level 10 in Armour
 13772 | D:12     | Reached skill level 10 in Shields
 13778 | D:12     | Noticed a sun demon
 14184 | D:12     | Noticed a deep elf pyromancer
 14208 | D:12     | Killed a deep elf pyromancer
 14235 | D:12     | Noticed a manticore
 14243 | D:12     | Killed a manticore
 14244 | D:12     | Reached skill level 5 in Dodging
 14292 | Lair:1   | Entered Level 1 of the Lair of Beasts
 14484 | Lair:1   | Reached XP level 12. HP: 72/72 MP: 16/16
 14956 | Lair:1   | Received a gift from Okawaru
 15666 | Lair:1   | Noticed a four-headed hydra
 15674 | Lair:1   | Killed a four-headed hydra
 15868 | Lair:1   | Noticed Urug
 15899 | Lair:1   | Paralysed by Urug for 3 turns
 15904 | Lair:1   | Killed Urug
 16905 | Lair:2   | Reached XP level 13. HP: 76/79 MP: 18/18
 17062 | Lair:2   | Received a gift from Okawaru
 18094 | Lair:3   | Reached skill level 5 in Evocations
 19132 | Lair:4   | Reached skill level 10 in Long Blades
 19172 | Lair:4   | Found a hole to the Spider Nest.
 19340 | Lair:4   | Noticed Sonja
 19345 | Lair:4   | Killed Sonja
 19404 | Lair:4   | Found a staircase to the Swamp.
 19415 | Lair:4   | Slain by a bog body

Illustrated notes

Levels and vault maps discovered:
D:1:      minmay_arrival_radiant_lines, layout_loops_ring
D:2:      layout_loops_ring, basic_altar,
          dreamdust_ecumenical_altar_drowned_temple, serial_park_tiny_pond,
          supply_closet_lemuel, minmay_misc_feat_five
D:3:      layout_rooms, lightli_temple_of_fire, serial_bayou_pond_b
D:4:      minmay_goblin_kobold_castle, layout_basic, grunt_temple_overflow_open,
          grunt_ministairs_11, grunt_decor_cap, minmay_crossroads,
          uniq_blork_the_orc, uniq_grinder
D:5:      minmay_skewed_foursquare, layout_loops_ring,
          minmay_temple_entry_butterflies, corexii_hall_statues_t,
          minmay_crystal_room, chequers_serial_rivers_micro_d,
          chequers_serial_rivers_large_a
D:6:      layout_rooms, uniq_edmund
D:7:      layout_loops_ring
D:8:      layout_loops_ring
D:9:      layout_long_grid, uniq_psyche
D:10:     layout_roguey, old_standard_altar, orc_0_dummy, kennysheep_kite_vault,
          uniq_grum
D:11:     layout_cave_pools, david_lair_shrubbed, kennysheep_generic_room_12
D:12:     layout_layer_cave, hangedman_decor_opposing
Temple:   regret_index_temple_waves
Lair:1:   layout_regular_city, chequers_serial_rivers_large_b,
          hangedman_lair_generics_rect, uniq_urug
Lair:2:   layout_regular_city, beast_lair_carwin_6
Lair:3:   pond_and_an_island_with_a_cottage, layout_loops_ring
Lair:4:   gammafunk_boulding_lane, layout_big_grid, skrybe_swamp_entry_bodies,
          spider_nest_entry_funnel_web, minmay_hedge_maze, lemuel_fruit_tree,
          lemuel_fruit_fields, uniq_josephine, uniq_sonja

Skill      XL: |  1  2  3  4  5  6  7  8  9 10 11 12 13 |
---------------+----------------------------------------+-----
Long Blades    | 2 3 4 5 6 7 8 9 10 | 10.1
Armour         | 4 5 6 8 9 10 11 12 | 12.2
Shields        | 4 5 6 7 9 10 11 12 | 12.1
Dodging        | 1 2 3 4 5 6 |  6.2
Fighting       | 4 5 6 7 8 9 |  9.0
Invocations    | 1 2 4 5 6 7 |  7.8
Evocations     | 2 3 4 5 |  5.3

Action                   |  1- 3 |  4- 6 |  7- 9 | 10-12 | 13-15 || total
-------------------------+-------+-------+-------+-------+-------++-------
Melee: Long sword        |   102 |   179 |   473 |       |       ||   754
       Scimitar          |       |       |   108 |   849 |   335 ||  1292
Invok: Heroism           |       |       |     9 |    21 |     4 ||    34
       Finesse           |       |       |       |     3 |       ||     3
Evoke: Wand              |       |       |       |     5 |    12 ||    17
  Use: Scroll            |     3 |     3 |     9 |     3 |     3 ||    21
       Potion            |       |     1 |     4 |     6 |       ||    11
Armor: Chain mail        |    50 |   125 |   403 |   259 |       ||   837
       Scale mail        |     4 |       |       |       |       ||     4
       Plate armour      |       |       |       |   226 |   126 ||   352
Dodge: Dodged            |    36 |    78 |   352 |   434 |   154 ||  1054
Block: Buckler           |    26 |    53 |   182 |   254 |   165 ||   680
       Kite shield       |       |       |       |       |    32 ||    32
       Reflection        |       |       |       |       |     2 ||     2

Table legend: (Time is in decaauts)
 A = Elapsed time spent in this place.
 B = Non-inter-level travel time spent in this place.
 C = Inter-level travel time spent in this place.
 D = Time resting spent in this place.
 E = Time spent auto-exploring this place.
 F = Levels seen in this place.
 G = Mean time per level.
                   A        B        C        D        E       F      G
               +--------+--------+--------+--------+--------+-----+--------+
         Total |  19444 |  19070 |    374 |   1996 |  12550 |  17 | 1143.8 |
       Dungeon |  14382 |  14113 |    269 |   1641 |   9231 |  12 | 1198.5 |
        Temple |    140 |    115 |     25 |      0 |    102 |   1 |  140.0 |
          Lair |   4921 |   4842 |     79 |    355 |   3217 |   4 | 1230.2 |
               +--------+--------+--------+--------+--------+-----+--------+

Top non-repeatable levels by time:
     D:4: 2622 daAuts
  Lair:1: 1977 daAuts
    D:10: 1955 daAuts
     D:5: 1400 daAuts
  Lair:2: 1310 daAuts
  Lair:3: 1261 daAuts
     D:2: 1240 daAuts
     D:6: 1040 daAuts
     D:7: 971 daAuts
     D:9: 960 daAuts
     D:3: 901 daAuts
     D:8: 895 daAuts
    D:11: 856 daAuts
    D:12: 792 daAuts
     D:1: 744 daAuts
